 Dungeon Crawl Stone Soup version 0.28.0-45-g0d030f2227 (webtiles) character file.

Game seed: 11386794620710525605

258 protoss039 the Digger (level 5, -6/41 HPs)
             Began as a Demonspawn Earth Elementalist on May 18, 2022.
             Mangled by a gnoll
             ... wielding a +0 whip
              (8 damage)
             ... on level 3 of the Dungeon.
             The game lasted 00:03:25 (2930 turns).

protoss039 the Digger (DsEE)                        Turns: 2930, Time: 00:03:25

Health: -6/41      AC:  2    Str:  9    XL:     5   Next: 94%
Magic:  5/9        EV: 12    Int: 18    God:
Gold:   87         SH:  0    Dex: 13    Spells: 4/10 levels left

rFire   . . .      SeeInvis .   j - +1 hand axe (flame)
rCold   . . .      Faith    .   (no shield)
rNeg    . . .      Spirit   .   b - +0 robe
rPois   .          Reflect  .   (helmet restricted)
rElec   .          Harm     .   (no cloak)
rCorr   .          Rampage  .   (no gloves)
Will    .....                   (no boots)
Stlth   ++........              (no amulet)
HPRegen 0.13/turn               (no ring)
MPRegen 0.11/turn               (no ring)

@: very slightly contaminated
A: antennae 1, claws 1, spiny 1
a: no special abilities


You were on level 3 of the Dungeon.
You visited 1 branch of the dungeon, and saw 3 of its levels.

You collected 87 gold pieces.

Inventory:

Hand Weapons
 h - a +0 spear
 j - a +1 hand axe of flaming (weapon)
Missiles
 c - 180 stones
Armour
 b - a +0 robe (worn)
Scrolls
 a - a scroll of amnesia {unknown}
 e - a scroll of silence {unknown}
 g - a scroll of identify {unknown}
 k - a scroll of magic mapping {unknown}
Potions
 d - 2 potions of curing {unknown}
 f - a potion of heal wounds {unknown}
 i - a potion of ambrosia {unknown}
 l - a potion of might {unknown}
 m - a potion of lignification {unknown}
 n - a potion of invisibility {unknown}


   Skills:
 * Level 3.6 Fighting
 - Level 1.7 Dodging
 - Level 1.7 Stealth
 + Level 3.0 Spellcasting
 + Level 1.9 Conjurations
 - Level 1.0 Transmutations
 + Level 3.7 Earth Magic


You had 4 spell levels left.
You knew the following spells:

 Your Spells              Type           Power      Damage    Failure   Level
a - Sandblast             Erth           32%        2d9       3%          1
b - Passwall              Tmut/Erth      9%         N/A       10%         2
c - Stone Arrow           Conj/Erth      26%        3d8       16%         3

Your spell library contained the following spells:

 Spells                   Type           Power      Damage    Failure   Level
 Gell's Gravitas          Tloc           2%         N/A       43%         3
 Teleport Other           Tloc           2%         N/A       43%         3
 Petrify                  Tmut/Erth      11%        N/A       52%         4
 Dispersal                Tloc           1%         N/A       100%        6


Dungeon Overview and Level Annotations

Branches:
Dungeon (3/15)

Altars:
Qazlal
Beogh


Innate Abilities, Weirdness & Mutations

You have a pair of small antennae on your head.
You have sharp fingernails.
You are partially covered in sharp spines.


Message History

Casting: Sandblast (safe; 3% risk of failure)
Confirm with . or Enter, or press ? or * to list all spells.
Aiming: Sandblast (safe; 3% risk of failure)
Press: ? - help, Shift-Dir - straight line, f - gnoll
Aim: a gnoll, wielding a +0 club (82% to hit)
The blast of sand hits the gnoll!
The gnoll is heavily wounded.
The gnoll hits you with a +0 club!
The gnoll hits you from afar with a +0 halberd!
* * * LOW HITPOINT WARNING * * *
Casting: Sandblast (safe; 3% risk of failure)
Confirm with . or Enter, or press ? or * to list all spells.
Aiming: Sandblast (safe; 3% risk of failure)
Press: ? - help, Shift-Dir - straight line, f/p - gnoll
Aim: a gnoll, wielding a +0 club (heavily wounded, 82% to hit)
The blast of sand hits the gnoll!
You kill the gnoll!
The gnoll hits you with a +0 whip!
* * * LOW HITPOINT WARNING * * *
The gnoll closely misses you.
Casting: Sandblast (safe; 3% risk of failure)
Confirm with . or Enter, or press ? or * to list all spells.
Aiming: Sandblast (safe; 3% risk of failure)
Press: ? - help, Shift-Dir - straight line, f - gnoll
Aim: a gnoll, wielding a +0 whip (82% to hit)
You miscast Sandblast.
You are very lightly contaminated with residual magic.
Nothing appears to happen.
The gnoll is struck by your spines. The gnoll misses you.
The gnoll hits you from afar with a +0 halberd.
* * * LOW HITPOINT WARNING * * *
Casting: Sandblast (safe; 3% risk of failure)
Confirm with . or Enter, or press ? or * to list all spells.
Aiming: Sandblast (safe; 3% risk of failure)
Press: ? - help, Shift-Dir - straight line, f/p - gnoll
Aim: a gnoll, wielding a +0 whip (moderately wounded, 82% to hit)
The blast of sand hits the gnoll.
The gnoll is heavily wounded.
The gnoll is struck by your spines. The gnoll hits you with a +0 whip!
You die...

#.## ...# #..... ...##
#...#######.###...###.....
#......................#
#.....................####
#...................†.....
#...........)........)##.#
#..........g####.#!.)†...#
#........g.......#.......#
#..†<....@.#######........
##...............#.#.....#
#........................
.................#.#.....#
....................#..#...
....................
....................
....................


You could see 2 gnolls.

Vanquished Creatures
  A necrophage (D:3)
  Natasha (thrice) (D:2)
  Robin (D:2)
  3 gnolls
  A dart slug (D:1)
  3 orcs (D:2)
  4 ball pythons
  2 endoplasms
  5 giant cockroaches
  14 goblins
  5 hobgoblins (D:2)
  2 kobolds (D:2)
  3 quokkas (D:1)
  4 bats
  A frilled lizard (D:1)
  2 rats
54 creatures vanquished.

Notes
Turn   | Place    | Note
-------+----------+-------------------------------------------
     0 | D:1      | protoss039 the Demonspawn Earth Elementalist began the
                  | quest for the Orb.
     0 | D:1      | Reached XP level 1. HP: 13/13 MP: 3/3
    82 | D:1      | Reached skill level 1 in Transmutations
    82 | D:1      | Gained mutation: You are partially covered in sharp spines.
                  | [demonic ancestry]
    82 | D:1      | Reached XP level 2. HP: 20/20 MP: 0/5
   161 | D:1      | Reached skill level 1 in Fighting
   943 | D:1      | Discovered your monstrous ancestry.
   943 | D:1      | Gained mutation: You have a pair of small antennae on your
                  | head. [demonic ancestry]
   943 | D:1      | Reached XP level 3. HP: 26/26 MP: 6/6
  1299 | D:1      | Learned a level 2 spell: Passwall
  1303 | D:1      | Learned a level 3 spell: Stone Arrow
  1652 | D:2      | Noticed Natasha
  1657 | D:2      | Killed Natasha
  1658 | D:2      | Gained mutation: You have sharp fingernails. [demonic
                  | ancestry]
  1658 | D:2      | Reached XP level 4. HP: 9/33 MP: 4/7
  1976 | D:2      | Found a stormy altar of Qazlal.
  2086 | D:2      | Noticed Robin
  2107 | D:2      | Killed Robin
  2123 | D:2      | Reached skill level 1 in Conjurations
  2465 | D:2      | Found a faded altar of an unknown god.
  2620 | D:2      | Noticed Natasha
  2627 | D:2      | Killed Natasha
  2678 | D:2      | Noticed Natasha
  2681 | D:2      | Killed Natasha
  2682 | D:2      | Reached XP level 5. HP: 37/41 MP: 6/9
  2738 | D:3      | Noticed a necrophage
  2744 | D:3      | Killed a necrophage
  2929 | D:3      | HP: 2/41 [gnoll/+0 halberd (2)]
  2930 | D:3      | Mangled by a gnoll

Illustrated notes

Levels and vault maps discovered:
D:1:      lemuel_arrival_muddy, layout_basic, hex_medium, minivault_24
D:2:      layout_loops_ring, hellmonk_ecumenical_altar_defaced_shrine,
          basic_altar, uniq_robin, uniq_natasha
D:3:      layout_basic

Skill      XL: |  1  2  3  4  5 |
---------------+----------------+-----
Transmutations | 1 |  1.0
Earth Magic    | 3 |  3.7
Fighting       | 1 2 3 |  3.6
Conjurations   | 1 |  1.9
Spellcasting   | 3 |  3.0
Dodging        | |  1.7
Stealth        | |  1.7

Action                   |  1- 3 |  4- 6 || total
-------------------------+-------+-------++-------
Melee: Unarmed           |    26 |       ||    26
       Dagger            |     4 |       ||     4
       Spear             |    35 |    35 ||    70
       Punch             |     1 |     1 ||     2
       Hand axe          |       |    11 ||    11
 Cast: Sandblast         |    14 |    15 ||    29
       Stone Arrow       |       |     1 ||     1
 Stab: Sleeping          |     5 |     1 ||     6
       Distracted        |       |     1 ||     1
Armor: Robe              |    13 |     7 ||    20
Dodge: Dodged            |    39 |    35 ||    74
